 Dungeon Crawl Stone Soup version 0.31-a0-230-g09eb5fc4d3 (webtiles) character file.

Game seed: 6003697097172877261

26 qw the Shooter (level 2, 0/24 HPs)
             Began as a Minotaur Hexslinger on July 6, 2023.
             Slain by Terence
             ... wielding a +4 short sword of freezing
              (4 damage)
             ... on level 1 of the Dungeon.
             The game lasted 00:00:20 (1104 turns).

qw the Shooter (Minotaur Hexslinger)                Turns: 1104, Time: 00:00:21

Health: 0/24       AC:  2    Str: 12    XL:     2   Next: 89%
Magic:  2/2        EV: 12    Int: 10    God:
Gold:   84         SH:  0    Dex: 12    Spells: 2/3 levels left

rFire   . . .        Y - +4 sling
rCold   . . .        (no shield)
rNeg    . . .        c - +0 robe
rPois   .            (helmet restricted)
rElec   .            (no cloak)
rCorr   .            (no gloves)
SInv    .            (no boots)
Will    .....        (no amulet)
Stlth   +            (no ring)
HPRegen 0.24/turn    (no ring)
MPRegen 0.08/turn

%: no passive effects
@: no status effects
A: horns 2, retaliatory headbutt
a: no special abilities


You were on level 1 of the Dungeon.
You visited 1 branch of the dungeon, and saw 2 of its levels.

You collected 84 gold pieces.


Innate Abilities, Weirdness & Mutations

You have a pair of horns on your head.
You reflexively headbutt those who attack you in melee.


   Skills:
 - Level 2.0 Fighting
 + Level 3.5 Ranged Weapons
 - Level 2.1 Dodging
 - Level 1.0 Spellcasting
 - Level 2.0 Hexes


You had 2 spell levels left.
You knew the following spells:

 Your Spells              Type           Power      Damage    Failure   Level
a - Slow                  Hex            16%        N/A       16%         1

Your spell library contained the following spells:

 Spells                   Type           Power      Damage    Failure   Level
 Inner Flame              Hex/Fire       2%         N/A       56%         3
 Portal Projectile        Hex/Tloc       4%         N/A       56%         3
 Cause Fear               Hex            2%         N/A       83%         4

Inventory:

Hand Weapons
 Y - a +4 sling (weapon)
Armour
 c - a +0 robe (worn)
Potions
 h - a potion of curing {unknown}

Dungeon Overview and Level Annotations

Branches:
Dungeon (2/15)

Altars:

Shops:
D:1 (

Annotations:
D:1 Terence


Message History

Done exploring.
1058 ||| DROPPING scroll of poison.
You drop a scroll of poison.
Done exploring.
(D) Dungeon
Where to? (* - list waypoints, ? - help)
What level of the Dungeon? (default 1, ? - help)
There is an open door here.
Things that are here:
a +0 short sword; 3 stones
There is a stone staircase leading down here.
You climb downwards.
Terence shouts!
Found a book of Geomancy.
There is a stone staircase leading up here.
There are monsters nearby!
Waypoint 1 assigned to D:2.
You shoot a sling bullet.
The sling bullet closely misses the quokka.
The quokka closely misses you.
You shoot a sling bullet.
The sling bullet closely misses the quokka.
The quokka bites you but does no damage.
The quokka bites you.
1101 ||| STAIRDANCE The rat bites you but does no damage.
Terence hits you with a +4 short sword of freezing!
Terence freezes you. The quokka bites you.
You climb upwards.
There is a stone staircase leading down here.
Enter note:
Enter note:
Enter note:
Enter note: You shoot a sling bullet.
The sling bullet barely misses Terence.
The rat closely misses you. The quokka bites you. Terence closely misses you.
You shoot a sling bullet.
The sling bullet closely misses Terence.
The quokka bites you but does no damage.
The rat bites you.
Terence hits you with a +4 short sword of freezing.
You die...

..........##.##.##
###)######.#.#.#####
#.# ##........# #.#
##.#.###.# ##+##
#.....#.# ##...##
###.#.#.# #.....##
##.....# .......##
##.##r###
........####...#@#
........'......@r#
........####...#.##
....>..## ##.#...##
#.....## #.......#
##...## #.##...##
##'## #.###.## #.#
#.# ### ###.# #.#


You could see Terence, a quokka and a rat.

Vanquished Creatures
  A bat (D:1)
  2 endoplasms (D:1)
  A giant cockroach (D:1)
  3 goblins (D:1)
  2 hobgoblins (D:1)
  2 quokkas (D:1)
  5 frilled lizards (D:1)
  6 kobolds (D:1)
  5 rats (D:1)
27 creatures vanquished.

Notes
Turn   | Place    | Note
-------+----------+-------------------------------------------
     0 | D:1      | qw the Minotaur Hexslinger began the quest for the Orb.
     0 | D:1      | Reached XP level 1. HP: 16/16 MP: 1/1
     0 | D:1      | 0 ||| qw: Version: 0.3-a-46-gb1f654a
     0 | D:1      | 0 ||| qw: Game counter: 1809
     0 | D:1      | 0 ||| qw: Melee chars always use a shield: true
     0 | D:1      | 0 ||| qw: God list: Okawaru
     0 | D:1      | 0 ||| qw: Allow faded altars: false
     0 | D:1      | 0 ||| qw: Do Orc after clearing Dungeon:15 true
     0 | D:1      | 0 ||| qw: Do second Lair branch before Depths: true
     0 | D:1      | 0 ||| qw: Lair rune preference: random
     0 | D:1      | 0 ||| qw: Goals: Normal
     0 | D:1      | 0 ||| PLANNING D:1-11
   122 | D:1      | Found Mucu's Antique Weapon Boutique.
   128 | D:1      | 128 ||| SHOPLISTING shortbow (57 gold, have 22).
   158 | D:1      | Reached skill level 3 in Ranged Weapons
   264 | D:1      | Reached XP level 2. HP: 23/23 MP: 2/2
   529 | D:1      | Found a faded altar of an unknown god.
  1006 | D:1      | 1006 ||| DROPPING scarf of shadows.
  1007 | D:1      | 1007 ||| READING 3 scrolls labelled OTOTSU FYLERIE.
  1008 | D:1      | 1008 ||| READING 2 scrolls of enchant weapon.
  1008 | D:1      | 1008 ||| ENCHANTING +2 sling.
  1009 | D:1      | 1009 ||| READING scroll of enchant weapon.
  1009 | D:1      | 1009 ||| ENCHANTING +3 sling.
  1010 | D:1      | 1010 ||| READING scroll labelled UTEOXK BUIGGUO.
  1053 | D:1      | 1053 ||| READING scroll labelled IMINAF TUATA.
  1054 | D:1      | 1054 ||| READING scroll labelled NIS QEMEXIHYGO.
  1057 | D:1      | 1057 ||| READING scroll labelled ALINAM ZAOGEDU.
  1058 | D:1      | 1058 ||| DROPPING scroll of poison.
  1098 | D:2      | Noticed Terence
  1101 | D:2      | 1101 ||| STAIRDANCE
  1101 | D:2      | HP: 6/24 [quokka (2)]
  1104 | D:1      | Slain by Terence

Levels and vault maps discovered:
D:1:      lemuel_arrival_funnel, layout_loops_corners,
          dreamdust_ecumenical_altar_statues, serial_shops,
          nicolae_shop_tiny_statue_garden
D:2:      layout_rooms, uniq_terence

Skill      XL: |  1  2 |
---------------+-------+-----
Ranged Weapons | 3 |  3.5
Fighting       | 2 |  2.0
Dodging        | |  2.1
Spellcasting   | |  1.0
Hexes          | |  2.0

Action                     || total
---------------------------++-------
   Fire: Sling             ||    75
    Use: Scroll            ||     7
 Armour: Robe              ||     6
  Dodge: Dodged            ||    18

Table legend:
 A = Non-vault XP
 B = Vault XP
 C = Vault XP percentage of total XP
 D = Non-vault monster count
 E = Vault monster count
 F = Vault count percentage of total count
                 A         B        C        D         E       F
            +---------+---------+-------+---------+---------+-------
      Total |      38 |       0 |   0.0 |      27 |       0 |   0.0
            +---------+---------+-------+---------+---------+-------
        D:1 |      38 |       0 |   0.0 |      27 |       0 |   0.0
            +---------+---------+-------+---------+---------+-------
